Unix NetHack Version 5.0.0-0 post-release - last build May 31 2026 23:59:36 (970b52f25bf058293b47ddfd14a1e40e571c508c,branch:main).

Game began 2026-06-06 00:58:23, ended 2026-06-06 01:12:08.

Jobair, lawful male dwarven Archeologist

                                                               ---------------
                         -----                                 |.............|
                         |....###                          ####..............|
                         |..)|  ###########          #######   |.............|
                         |....####        ####%#  ####         |.............|
                         ---.-   # ---------+---  ###          |.............|
          #                ##    ##............|  # 0          -------------|-
      ----|--              #       |............######                      #
      |i.....#             # ######|......(....|   #                 ########
      |@....|#           ### #     -------------   #                ##
      |.....|##   -------.---#                     #                #
      |.....| ##  |[[.|.....-#                     #####           ##
      |.....|  ###|[[.-.---||                          ##        ###
      |.....|    #|.[.|.|)..|                           ## ------|---
      -------    #|----.|)))|                            ##|.....)<.|
                 #......|)).|                             #|........|
                  -----------                             #.........|
                                                           ----------

Jobair the Field Worker    St:14 Dx:9 Co:16 In:16 Wi:12 Ch:9  Lawful
Dlvl:4  $:25 HP:0(35) Pw:10(10) AC:5  Xp:4 T:1936 

Latest messages:
 The baby crocodile bites!
 You lash the baby crocodile.
 The baby crocodile bites!
 Where do you want to travel to?
 (For instructions type a '?')
 You hear some noises.
 You hear some noises in the distance.
 Godzilla misses the gecko.
 Godzilla bites the gecko.
 The gecko bites Godzilla.
 The kobold lord hits!
 You kill the kobold lord!
 Welcome to experience level 4.
 You see here a kobold lord corpse.
 The little dog bites!
 You lash the little dog.
 The little dog bites!
 The little dog bites!
 The little dog misses!
 You hear some noises in the distance.
 You climb up the stairs.
 You hear the chime of a cash register.
 You descend the stairs.
 The little dog bites!
 You hear some noises in the distance.
 You feel a draft.
 The little dog bites!
 You miss the little dog.
 The little dog bites!
 The little dog bites!
 You lash the little dog.
 The little dog bites!
 The little dog bites!
 You climb up the stairs.
 The homunculus bites!
 You lash the homunculus.
 The homunculus misses!
 You miss the homunculus.
 The homunculus bites!
 You miss the homunculus.
 The homunculus bites!
 You lash the homunculus.
 The homunculus bites!
 You are put to sleep by the homunculus!
 You die...
 Do you want your possessions identified? [ynq] (y) y
 Do you want to see your attributes? [ynq] (y) y
 Do you want an account of creatures vanquished? [ynaq] (y) y
 Do you want to see your conduct and achievements? [ynq] (y) y
 Do you want to see the dungeon overview? [ynq] (y) y

Inventory:
 Coins    ('$')
  $ - 25 gold pieces
 Weapons  (')')
  n - 13 +0 darts (at the ready)
  a - a +2 bullwhip (weapon in right hand)
 Armor    ('[')
  c - an uncursed +0 fedora (being worn)
  v - an uncursed +0 pair of high boots (being worn)
  A - an uncursed +0 large shield (being worn)
  h - an uncursed +0 leather jacket (being worn)
 Comestibles  ('%')
  d - 5 uncursed food rations
  i - 2 uncursed tripe rations
 Scrolls  ('?')
  p - a cursed scroll of confuse monster
  D - an uncursed scroll of earth
  l - an uncursed scroll of scare monster
  k - an uncursed scroll of teleportation
 Spellbooks  ('+')
  j - a blessed spellbook of cure sickness
  q - an uncursed spellbook of invisibility
  E - an uncursed spellbook of light
 Potions  ('!')
  y - an uncursed potion of healing
  r - an uncursed potion of invisibility
 Rings    ('=')
  C - an uncursed +0 ring of adornment
  m - an uncursed ring of warning
 Wands    ('/')
  z - a wand of make invisible (0:3)
 Tools    ('(')
  b - an uncursed sack containing 1 item
  w - a cursed tallow candle
  f - a tinning kit (0:92)
 Gems/Stones  ('*')
  o - a cursed aquamarine stone
  t - an uncursed topaz stone
  x - a cursed worthless piece of violet glass
  g - an uncursed touchstone

Contents of the sack:
  a +0 pick-axe

Jobair the Archeologist's attributes:

Background:
 You were a Field Worker, a level 4 male dwarven Archeologist.
 You were lawful, nominally on a mission for Quetzalcoatl
 who was opposed by Camaxtli (neutral) and Huhetotl (chaotic).
 You were right-handed.
 You were in the Dungeons of Doom, on level 4.
 You entered the dungeon 1936 turns ago.
 It was nighttime.
 You had 83 experience points, 77 more were needed to attain level 5.

Basics:
 You had 0 out of 35 hit points.
 You had all 10 energy points (spell power).
 Your armor class was 5.
 Your wallet contained 25 zorkmids.
 Autopickup was off.

Final Characteristics:
 Your strength was 14 (limit:18/100).
 Your dexterity was 9 (limit:20).
 Your constitution was 16 (limit:20).
 Your intelligence was 16 (limit:16).
 Your wisdom was 12 (limit:16).
 Your charisma was 9 (limit:16).

Final Status:
 You weren't hungry.
 You were unencumbered.
 You were wielding a whip.
 You had basic skill with whip.

Final Attributes:
 You were devoutly aligned.
 You had automatic searching.
 You had infravision.
 You were lucky.
 You are dead.

Miscellaneous:
 You didn't encounter any bones levels.
 Total elapsed playing time was 13 minutes and 45 seconds.

Major events:
 Turn
    1: Jobair the lawful male dwarven Archeologist entered the dungeon
  808: entered the Gnomish Mines
 1427: attained the rank of Field Worker (level 3)
 1936: killed by a homunculus, while sleeping

You didn't know any spells.

Skills:
 Fighting Skills
   bare handed combat [Unskilled]
   two weapon combat  [Unskilled]
   riding             [Unskilled]
 Weapon Skills
   dagger             [Unskilled]
   knife              [Unskilled]
   pick-axe           [Basic]
   short sword        [Unskilled]
   saber              [Unskilled]
   club               [Unskilled]
   quarterstaff       [Unskilled]
   sling              [Unskilled]
   dart               [Unskilled]
   boomerang          [Unskilled]
   whip               [Basic]
   unicorn horn       [Unskilled]
 Spellcasting Skills
   attack spells      [Unskilled]
   healing spells     [Unskilled]
   divination spells  [Unskilled]
   matter spells      [Unskilled]

Voluntary challenges:
 Character rerolling was not enabled.
 You were an atheist.
 You never genocided any monsters.
 You never polymorphed an object.
 You never changed form.
 You used no wishes.
Achievements:
 You entered the Gnomish Mines.
 You attained the rank of Field Worker.
 You entered a shop.

 The Dungeons of Doom: levels 1 to 5
    Level 1:
    Level 2:
       A fountain.
    Level 3:
       A fountain.
       Stairs down to The Gnomish Mines.
    Level 4: <- You were here.
       Some shops.
       Final resting place for
          you, killed by a homunculus, while sleeping.
    Level 5:
 The Gnomish Mines:
    Level 4:


Vanquished creatures:
  a pony
  2 kobold leaders
  a rabid rat
  a centipede
 an iguana
  a gas spore
  a hobbit
  5 geckos
  3 jackals
  2 kobolds
  2 sewer rats
  a grid bug
  2 bats
  a lichen
  a kobold zombie
  6 newts
31 creatures vanquished.

No species were genocided or became extinct.

Game over:
                       ----------
                      /          \
                     /    REST    \
                    /      IN      \
                   /     PEACE      \
                  /                  \
                  |      Jobair      |
                  |      25 Au       |
                  |   killed by a    |
                  |    homunculus    |
                  |                  |
                  |                  |
                  |       2026       |
                 *|     *  *  *      | *
        _________)/\\_//(\/(/\)/\//\/|_)_______

Goodbye Jobair the Archeologist...

You died in The Dungeons of Doom on dungeon level 4 with 555 points,
and 25 pieces of gold, after 1936 moves.
You were level 4 with a maximum of 35 hit points when you died.

